 Dungeon Crawl Stone Soup version 0.30.0-15-g856e2d3f33 (webtiles) character file.

Game seed: 10124825959843576444

56 Esekla the Grave Robber (level 3, 0/20 HPs)
             Began as a Tengu Necromancer on May 19, 2023.
             Slain by a kobold
             ... wielding a +0 whip
              (5 damage)
             ... on level 2 of the Dungeon.
             The game lasted 00:17:08 (1669 turns).

Esekla the Grave Robber (Tengu Necromancer)         Turns: 1669, Time: 00:17:08

Health: 0/20       AC:  2    Str:  8    XL:     3   Next: 95%
Magic:  1/7        EV: 12    Int: 17    God:
Gold:   74         SH:  0    Dex: 14    Spells: 2/6 levels left

rFire   . . .        d - staff of death
rCold   . . .        (no shield)
rNeg    + . .        a - +0 robe
rPois   .            (helmet restricted)
rElec   .            (no cloak)
rCorr   .            (no gloves)
SInv    .            (boots unavailable)
Will    .....        (no amulet)
Stlth   ++           (no ring)
HPRegen 0.23/turn    (no ring)
MPRegen 0.10/turn

%: no passive effects
@: slowed, very slow
A: beak, talons 3
a: no special abilities


You were on level 2 of the Dungeon.
You visited 1 branch of the dungeon, and saw 2 of its levels.

You collected 74 gold pieces.

Inventory:

Hand Weapons
 h - a +0 spear
Missiles
 e - 5 poisoned darts
 n - 2 javelins
Armour
 a - a +0 robe (worn)
Magical Staves
 d - a staff of death (weapon)
Jewellery
 g - an amulet of regeneration
Scrolls
 c - 2 scrolls of identify {unknown}
 i - 2 scrolls of magic mapping {unknown}
 j - a scroll of poison {unknown}
 l - a scroll of enchant armour {unknown}
 m - a scroll of noise {unknown}
 p - a scroll of immolation {unknown}
Potions
 b - a potion of magic
 f - a potion of resistance {unknown}
 k - a potion of heal wounds {unknown}
 o - a potion of lignification {unknown}


   Skills:
 * Level 1.0 Fighting
 + Level 0.9 Staves
 * Level 2.7 Dodging
 + Level 2.5 Stealth
 * Level 2.2 Spellcasting
 * Level 4.9 Necromancy


You had 2 spell levels left.
You knew the following spells:

 Your Spells              Type           Power      Damage    Failure   Level
a - Necrotise             Necr           100%       1d9       2%          1
d - Vampiric Draining     Necr           27%        2d7       8%          3

Your spell library contained the following spells:

 Spells                   Type           Power      Damage    Failure   Level
 Animate Dead             Necr           27%        N/A       26%         4
 Agony                    Necr           27%        N/A       56%         5


Dungeon Overview and Level Annotations

Branches:
Dungeon (2/15)

Altars:


Innate Abilities, Weirdness & Mutations

You have a beak for a mouth.
You have claws for feet.


Message History

You miss the bat. You claw the bat.
You kill the bat!
Natasha completely misses you.
The kobold shouts!
You hit Natasha but do no damage. Your kick misses Natasha.
Natasha casts a spell at you.
You feel yourself slow down. Natasha claws you!
You hit Natasha. You claw Natasha. Your peck misses Natasha.
Natasha is lightly wounded.
Natasha claws you.
Cast which spell? (? or * to list)
The spell is quite dangerous to miscast (8% risk of failure)!
Continue anyway?
Aiming: Vampiric Draining (quite dangerous; 8% risk of failure)
Press: ? - help, Shift-Dir - straight line, f - Natasha
Aim: Natasha (lightly wounded)
You feel a surge of power!
You draw life force from Natasha.
You feel life coursing into your body. Natasha claws you.
Natasha closely misses you.
Casting: Vampiric Draining (quite dangerous; 8% risk of failure)
Confirm with . or Enter, or press ? or * to list all spells.
The spell is quite dangerous to miscast (8% risk of failure)!
Continue anyway?
Aiming: Vampiric Draining (quite dangerous; 8% risk of failure)
Press: ? - help, Shift-Dir - straight line, f/p - Natasha
Aim: Natasha (heavily wounded)
You feel a surge of power!
You draw life force from Natasha.
You feel life coursing into your body. Natasha claws you.
You hit Natasha.
Natasha is almost dead.
Natasha claws you. x2
* * * LOW HITPOINT WARNING * * *
You hit Natasha but do no damage.
Natasha is almost dead.
Natasha casts a spell at you.
You feel as though you will be slow longer.
Natasha barely misses you.
You hit Natasha.
You kill Natasha!
Natasha yowls pathetically as she dies!
The kobold barely misses you. The kobold hits you with a +0 whip.
You die...

...... .#... ## ...
P... ######.♣ ♣P♣P
#>....P♣ .P.. #####
#.###.P♣♣♣... #....
#.###.♣♣..... #....
#.#...♣...########....
#....@P♣.........'....
#.#.K†PP.##..#####....
#.#.....####.#####....
#.#...................
#.#...#######.####....
#.####### ♣♣♣♣♣♣♣#....
#.# #..♣♣♣PP..P♣#.)..
#. #....♣P....†....P
#..♣♣..♣.♣♣♣#.†#.


You could see a kobold.

Vanquished Creatures
  Natasha (twice) (D:2)
  A worm (D:2)
  An endoplasm (D:1)
  3 hobgoblins (D:1)
  6 kobolds
  2 quokkas (D:1)
  3 ball pythons
  6 bats
  2 frilled lizards
  2 goblins
  2 rats (D:1)
30 creatures vanquished.

Notes
Turn   | Place    | Note
-------+----------+-------------------------------------------
     0 | D:1      | Esekla the Tengu Necromancer began the quest for the Orb.
     0 | D:1      | Reached XP level 1. HP: 10/10 MP: 4/4
   544 | D:1      | Reached XP level 2. HP: 9/15 MP: 6/6
  1442 | D:2      | Reached XP level 3. HP: 18/20 MP: 7/7
  1555 | D:2      | Noticed Natasha
  1570 | D:2      | Killed Natasha
  1571 | D:2      | Reached skill level 1 in Fighting
  1575 | D:2      | Learned a level 3 spell: Vampiric Draining
  1643 | D:2      | Noticed Natasha
  1669 | D:2      | Killed Natasha
  1669 | D:2      | Slain by a kobold

Illustrated notes

Levels and vault maps discovered:
D:1:      dpeg_arrival_another_circle, layout_basic
D:2:      layout_basic, serial_forest, infiniplex_forest_lined_2,
          infiniplex_forest_clump_medium, infiniplex_forest_end_3,
          infiniplex_forest_zigzag_1, infiniplex_forest_clump_long,
          infiniplex_forest_clump_curved, infiniplex_forest_end_double,
          shapermc_ecumenical_altar_acropolis, nrook_mini_vaults,
          bh_walls_and_bars, uniq_natasha

Skill      XL: |  1  2  3 |
---------------+----------+-----
Fighting       | 1 |  1.0
Staves         | |  0.9
Dodging        | |  2.7
Stealth        | |  2.5
Spellcasting   | |  2.2
Necromancy     | |  4.9

Action                     || total
---------------------------++-------
  Melee: Unarmed           ||    12
         Staff             ||    74
         Kick              ||    24
         Spear             ||     3
         Peck              ||     9
         Punch             ||     1
   Cast: Vampiric Draining ||     2
   Stab: Sleeping          ||     4
 Armour: Robe              ||    16
  Dodge: Dodged            ||    55
